AoeStats
← kamikaze21_

Oasis

509839143Analyzed
2v2 RM · 4d ago on Sep 28, 2026· 73m 28s· 4 players
Game mode
Random Map
Map size
Medium (4 player)
Population
200
Speed
Normal
Resources
Standard
Victory
Conquest
Starting age
Dark Age
Ending age
Imperial Age
RankedLock teamsTeams togetherTeam positionsShared explorationLock speedFull tech treeHidden civsTurbo modeCheats
Victory
Defeat
🇪🇸 Persians · Spain
773
+14
🇮🇩 Magyars · Indonesia
730
+16
🇦🇹 Malians · Austria
746
-15
🇫🇷 Vietnamese · France
718
-15
suoplementmayo
5:23 Loom
10:39 Feudal Age
11:59 Double-Bit Axe
12:42 Horse Collar
14:09 Fletching
16:32 Padded Archer Armor
19:52 Wheelbarrow
22:29 Castle Age
22:03 Gold Mining
23:34 Bow Saw
22:48 Crossbowman
24:06 Bodkin Arrow
26:02 Ballistics
27:21 Leather Archer Armor
28:49 Hand Cart
35:39 Imperial Age
47:35 Chemistry
51:10 Murder Holes
66:04 Arbalester
67:56 Bracer
69:48 Ring Archer Armor
ChessFish888
7:33 Loom
9:51 Feudal Age
10:36 Double-Bit Axe
10:33 Horse Collar
17:52 Bloodlines
22:23 Castle Age
21:09 Scale Barding Armor
21:21 Forging
23:42 Squires
23:02 Pikeman
24:09 Scale Mail Armor
27:29 Wheelbarrow
30:25 Bow Saw
30:39 Stone Mining
30:40 Gold Mining
34:19 Stone Shaft Mining
34:20 Gold Shaft Mining
36:22 Imperial Age
33:34 Man-at-Arms
34:07 Fletching
34:59 Heavy Plow
35:16 Long Swordsman
36:32 Bodkin Arrow
37:13 Murder Holes
36:59 Treadmill Crane
38:20 Chemistry
37:41 Ballistics
38:23 Tigui
38:43 Conscription
40:12 Heavy Camel Rider
40:54 Husbandry
45:14 Chain Barding Armor
45:30 Iron Casting
53:24 Farimba
58:25 Plate Barding Armor
60:31 Two-Handed Swordsman
64:45 Chain Mail Armor
67:08 Light Cavalry
GibranRakatiwing
0:27 Loom
10:31 Feudal Age
11:03 Double-Bit Axe
12:12 Gold Mining
12:14 Stone Mining
15:23 Wheelbarrow
15:01 Horse Collar
20:39 Bloodlines
21:12 Scale Barding Armor
26:34 Castle Age
26:38 Light Cavalry
27:20 Husbandry
27:45 Chain Barding Armor
27:29 Heavy Plow
28:06 Gold Shaft Mining
27:43 Bow Saw
33:05 Imperial Age
33:09 Cavalier
34:29 Plate Barding Armor
34:19 Masonry
34:03 Guard Tower
34:10 Murder Holes
36:51 Paladin
42:00 Hand Cart
42:19 Crop Rotation
54:39 Ballistics
63:57 Sanctity
63:49 Fervor
64:55 Two-Man Saw
65:58 Caravan
66:38 Coinage
70:34 Chemistry
69:26 Heated Shot
kamikaze21_
5:13 Loom
12:37 Feudal Age
14:06 Wheelbarrow
13:16 Town Watch
19:38 Castle Age
21:54 Crossbowman
23:05 Stone Mining
25:43 Bloodlines
25:47 Gold Mining
26:30 Husbandry
26:31 Elite Skirmisher
27:27 Padded Archer Armor
30:30 Horse Collar
31:54 Double-Bit Axe
35:01 Bow Saw
35:04 Fletching
35:40 Hand Cart
37:25 Kamandaran
38:50 Fervor
38:52 Forging
38:37 Bodkin Arrow
39:33 Heavy Plow
44:47 Imperial Age
44:18 Scale Barding Armor
44:49 Iron Casting
44:30 Leather Archer Armor
45:41 Conscription
46:15 Thumb Ring
46:23 Citadels
48:44 Two-Man Saw
48:09 Cavalier
50:44 Hoardings
52:00 Crop Rotation
51:50 Light Cavalry
55:46 Pikeman
56:26 Squires
60:00 Halberdier
63:30 Gambesons
66:39 Heavy Camel Rider
67:38 Scale Mail Armor
Connection lost

Rejoining the realm…

Still unreachable

The connection could not be restored.

Session expired

The server has moved on; the page needs a fresh start.